 Dungeon Crawl Stone Soup version 0.25-a0-294-gea9b1ad378 (webtiles) character file.

Game seed: 4761106186523821587, levelgen mode: deterministic

2469 MoonlitKnight the Magician (level 9, -10/70 HPs)
             Began as a Gnoll Skald on Dec 17, 2019.
             Was a Follower of Okawaru.
             Killed by divine providence
             ... invoked by an orc priest
              (13 damage)
             ... on level 7 of the Dungeon.
             The game lasted 00:17:52 (7710 turns).

MoonlitKnight the Magician (Gnoll Skald)            Turns: 7710, Time: 00:17:53

Health: -10/70     AC:  9    Str: 17    XL:     9   Next: 51%
Magic:  12/18      EV: 14    Int: 18    God:    Okawaru [*.....]
Gold:   719        SH:  3    Dex: 14    Spells: 10/21 levels left

rFire    . . .     SeeInvis .   a - +3 dagger (venom)
rCold    . . .     Gourm    .   (no shield)
rNeg     . . .     Faith    .   y - +0 ring mail (curse)
rPois    .         Spirit   .   (no helmet)
rElec    .         Reflect  +   k - +2 cloak
rCorr    .         Harm     .   (no gloves)
MR       .....                  (no boots)
Stlth    ++........             o - +3 amulet of reflection
HPRegen  0.21/turn              n - +2 ring of strength
MPRegen  0.16/turn              (no ring)

@: no status effects
A: distributed training, fangs 1, strong nose
a: Heroism, Renounce Religion


You were on level 7 of the Dungeon.
You worshipped Okawaru.
Okawaru was aware of your devotion.
You were hungry.

You visited 2 branches of the dungeon, and saw 8 of its levels.

You collected 719 gold pieces.

Inventory:

Hand Weapons
 a - a +3 dagger of venom (weapon)
 b - a +0 hunting sling
Missiles
 t - 2 atropa-tipped darts
 x - 7 poisoned darts (quivered)
 z - 32 sling bullets
Armour
 i - a +0 scale mail
 k - a +2 cloak (worn)
 y - a cursed +0 ring mail (worn)
Jewellery
 j - an uncursed amulet of magic regeneration
 n - a +2 ring of strength (left hand)
 o - a +3 amulet of reflection (around neck)
Scrolls
 c - 4 scrolls of identify
 e - a scroll of magic mapping
 f - 3 scrolls of teleportation
 p - 3 scrolls of enchant weapon
 q - 3 scrolls of blinking
 r - a scroll of random uselessness {unknown}
 B - 2 scrolls of fear
Potions
 g - 3 potions of heal wounds {unknown}
 h - 3 potions of might {unknown}
 m - 2 potions of brilliance
 s - a potion of lignification {unknown}
 u - a potion of degeneration {unknown}
 w - a potion of flight {unknown}
 A - a potion of ambrosia {unknown}
 C - a potion of curing {unknown}
Comestibles
 d - 17 rations


   Skills:
 + Level 6.3 Fighting
 + Level 4.2 Short Blades
 + Level 4.2 Long Blades
 + Level 4.2 Axes
 + Level 4.2 Maces & Flails
 + Level 6.3 Polearms
 + Level 4.2 Staves
 + Level 4.2 Slings
 + Level 4.2 Bows
 + Level 4.2 Crossbows
 + Level 4.2 Throwing
 + Level 5.0 Armour
 + Level 6.3 Dodging
 + Level 4.2 Stealth
 + Level 4.2 Shields
 + Level 4.2 Unarmed Combat
 + Level 6.6 Spellcasting
 + Level 3.5 Conjurations
 + Level 3.5 Hexes
 + Level 6.5 Charms
 + Level 3.5 Summonings
 + Level 3.5 Necromancy
 + Level 3.5 Translocations
 + Level 3.5 Transmutations
 + Level 3.5 Fire Magic
 + Level 3.5 Ice Magic
 + Level 3.5 Air Magic
 + Level 3.5 Earth Magic
 + Level 3.5 Poison Magic
 + Level 4.6 Invocations
 + Level 4.2 Evocations


You had 10 spell levels left.
You knew the following spells:

 Your Spells              Type           Power        Failure   Level  Hunger
a - Infusion              Chrm           ####         1%          1    None
b - Shroud of Golubria    Chrm/Tloc      ###...       3%          2    None
c - Spectral Weapon       Hex/Chrm       ###.....     8%          3    ##.....
d - Regeneration          Chrm/Necr      ###.......   8%          3    ##.....
e - Song of Slaying       Chrm           ####....     1%          2    None

Your spell library contained the following spells:

 Spells                   Type           Power        Failure   Level  Hunger
 Sting                    Tmut/Pois      ###.         4%          1    None
 Poisonous Vapours        Pois/Air       ###...       7%          2    None
 Ignite Poison            Fire/Tmut/Pois ###.....     14%         3    ##.....
 Mephitic Cloud           Conj/Pois/Air  ###.....     14%         3    ##.....
 Olgreb's Toxic Radiance  Pois           ###.....     43%         4    ####...


Dungeon Overview and Level Annotations

Branches:
Dungeon (7/15)             Temple (1/1) D:6

Altars:
Ashenzari
Cheibriados
Dithmenos
Elyvilon
Fedhas
Gozag
Hepliaklqana
Kikubaaqudgha
Nemelex Xobeh
Okawaru
Qazlal
Ru
Sif Muna
Trog
Uskayaw
Vehumet
Wu Jian
Xom
Yredelemnul
Zin
The Shining One

Shops:
D:4 *

Annotations:
D:5 Eustachio


Innate Abilities, Weirdness & Mutations

Your experience applies equally to all skills.
You have very sharp teeth.
Your uncanny sense of smell can sniff out nearby items.


Message History

The orc priest hits you but does no damage.
The bullfrog zombie misses you.
You hit the orc.
You kill the orc!
Okawaru accepts your kill.
Your skin stops crawling.
The bullfrog zombie closely misses you.
The orc priest mumbles some strange prayers to Beogh against you.
Beogh smites you!
* * * LOW HITPOINT WARNING * * *
The bullfrog zombie misses you.
You see here a +0 whip.
The bullfrog zombie hits you but does no damage.
The orc priest invokes the aid of Beogh against you.
Beogh smites you!
* * * LOW HITPOINT WARNING * * *
The bullfrog zombie completely misses you.
The orc priest mumbles some strange prayers to Beogh against you.
Beogh smites you!
You die...

#.#.##..# #.).
#####...##..########)##
#.).............##...#
#................#.###
#....(............)####
#.....................#
###....)).............#
#.<...)....)........#
#...@Z..o..)........#
#.......[...........#
##.####>.##..<......#
##########...#######
#.).###.....#
#.☼(#..#....#
#÷÷..###....#
########....# #.....#


You could see an orc priest and a bullfrog zombie.

Vanquished Creatures
  Sigmund (D:2)
  Edmund (D:5)
  A sky beast (D:5)
  3 orc warriors
  4 ogres
  A centaur (D:6)
  Blork the orc (D:6)
  2 scorpions
  A water moccasin skeleton (D:7)
  A wight (D:7)
  3 howler monkeys
  A crimson imp (D:6)
  3 hounds
  A centaur skeleton (D:4)
  6 orc wizards (D:6)
  2 orc priests (D:6)
  Jessica (D:2)
  3 iguanas
  4 worker ants
  A killer bee zombie (D:5)
  A hound skeleton (D:4)
  10 gnolls
  17 adders
  A howler monkey skeleton (D:4)
  A shadow imp (D:7)
  An adder skeleton (D:5)
  An adder zombie (D:7)
  7 worms
  3 dart slugs
  7 leopard geckos
  23 orcs
  4 giant cockroaches
  10 goblins
  12 hobgoblins
  2 jackals (D:4)
  2 quokkas
  5 ball pythons
  9 bats
  5 frilled lizards
  A jackal zombie (D:5)
  8 kobolds
  2 leopard gecko skeletons (D:4)
  A leopard gecko zombie (D:6)
  A quokka zombie (D:7)
  8 rats
183 creatures vanquished.

Vanquished Creatures (others)
  3 spectral weapons
3 creatures vanquished.

Grand Total: 186 creatures vanquished

Notes
Turn   | Place    | Note
-------+----------+-------------------------------------------
     0 | D:1      | MoonlitKnight the Gnoll Skald began the quest for the Orb.
     0 | D:1      | Reached XP level 1. HP: 20/20 MP: 6/6
   140 | D:1      | Reached XP level 2. HP: 22/26 MP: 7/7
   670 | D:1      | Reached XP level 3. HP: 31/31 MP: 9/9
   778 | D:1      | Reached skill level 5 in Spellcasting
   905 | D:2      | Learned a level 2 spell: Shroud of Golubria
   909 | D:2      | Learned a level 3 spell: Spectral Weapon
   913 | D:2      | Learned a level 3 spell: Regeneration
   916 | D:2      | Learned a level 2 spell: Song of Slaying
   940 | D:2      | Reached skill level 1 in Invocations
  1244 | D:2      | Found a stormy altar of Qazlal.
  1299 | D:2      | Reached skill level 1 in Short Blades
  1299 | D:2      | Reached skill level 1 in Long Blades
  1299 | D:2      | Reached skill level 1 in Axes
  1299 | D:2      | Reached skill level 1 in Maces & Flails
  1299 | D:2      | Reached skill level 1 in Staves
  1299 | D:2      | Reached skill level 1 in Slings
  1299 | D:2      | Reached skill level 1 in Bows
  1299 | D:2      | Reached skill level 1 in Crossbows
  1299 | D:2      | Reached skill level 1 in Throwing
  1299 | D:2      | Reached skill level 1 in Stealth
  1299 | D:2      | Reached skill level 1 in Shields
  1299 | D:2      | Reached skill level 1 in Unarmed Combat
  1299 | D:2      | Reached skill level 1 in Evocations
  1363 | D:2      | Reached XP level 4. HP: 35/38 MP: 11/11
  1546 | D:2      | Noticed Sigmund
  1563 | D:2      | Killed Sigmund
  1563 | D:2      | Reached skill level 1 in Conjurations
  1563 | D:2      | Reached skill level 1 in Hexes
  1563 | D:2      | Reached skill level 1 in Summonings
  1563 | D:2      | Reached skill level 1 in Necromancy
  1563 | D:2      | Reached skill level 1 in Translocations
  1563 | D:2      | Reached skill level 1 in Transmutations
  1563 | D:2      | Reached skill level 1 in Fire Magic
  1563 | D:2      | Reached skill level 1 in Ice Magic
  1563 | D:2      | Reached skill level 1 in Air Magic
  1563 | D:2      | Reached skill level 1 in Earth Magic
  1563 | D:2      | Reached skill level 1 in Poison Magic
  1563 | D:2      | Reached XP level 5. HP: 34/43 MP: 2/12
  1563 | D:2      | Reached XP level 6. HP: 40/50 MP: 2/13
  1811 | D:2      | Noticed Jessica
  1819 | D:2      | Killed Jessica
  2573 | D:3      | Reached skill level 5 in Fighting
  2573 | D:3      | Reached skill level 5 in Polearms
  2573 | D:3      | Reached skill level 5 in Dodging
  3438 | D:4      | Reached XP level 7. HP: 56/56 MP: 15/15
  3522 | D:4      | Found Soor's General Store.
  4591 | D:5      | Entered Level 5 of the Dungeon
  4666 | D:5      | Reached XP level 8. HP: 40/63 MP: 16/16
  5116 | D:5      | Noticed Edmund
  5132 | D:5      | Killed Edmund
  5453 | D:5      | Noticed Eustachio
  5830 | D:6      | Found a staircase to the Ecumenical Temple.
  5847 | Temple   | Entered the Ecumenical Temple
  6149 | Temple   | Became a worshipper of Warmaster Okawaru
  6298 | D:6      | Reached XP level 9. HP: 12/69 MP: 12/18
  6639 | D:6      | Reached * piety under Okawaru
  6677 | D:6      | Noticed Blork the orc
  6709 | D:6      | Killed Blork the orc
  7601 | D:7      | Reached skill level 5 in Armour
  7706 | D:7      | HP: 2/70 [orc priest/divine providence (13)]
  7710 | D:7      | Killed from afar by an orc priest

Levels and vault maps discovered:
D:1:      minmay_arrival_arboretum_small, layout_basic
D:2:      layout_loops_ring, nicolae_qazlal_general_emergency, uniq_sigmund,
          uniq_jessica
D:3:      layout_basic
D:4:      minmay_polygon_palace, layout_layer_cave, serial_shops, shop,
          first_ration
D:5:      layout_loops_cross, hangedman_decor_slide_cut, wad_rectangle_vault,
          uniq_eustachio, uniq_edmund
D:6:      layout_loops_cross, minmay_temple_entry_offerings,
          corexii_hall_statues_x, uniq_blork_the_orc
D:7:      kb_forest_paths, layout_rooms, lightli_temple_of_fire,
          grunt_ogre_cave, sword_in_stone
Temple:   compressed_dpeg_triangle_lava_temple

Skill      XL: |  1  2  3  4  5  6  7  8  9 |
---------------+----------------------------+-----
Spellcasting   | 5 6 |  6.6
Invocations    | 1 2 3 4 |  4.6
Short Blades   | 1 2 3 4 |  4.2
Long Blades    | 1 2 3 4 |  4.2
Axes           | 1 2 3 4 |  4.2
Maces & Flails | 1 2 3 4 |  4.2
Staves         | 1 2 3 4 |  4.2
Slings         | 1 2 3 4 |  4.2
Bows           | 1 2 3 4 |  4.2
Crossbows      | 1 2 3 4 |  4.2
Throwing       | 1 2 3 4 |  4.2
Stealth        | 1 2 3 4 |  4.2
Shields        | 1 2 3 4 |  4.2
Unarmed Combat | 1 2 3 4 |  4.2
Evocations     | 1 2 3 4 |  4.2
Armour         | 3 4 5 |  5.0
Conjurations   | 1 2 3 |  3.5
Hexes          | 1 2 3 |  3.5
Summonings     | 1 2 3 |  3.5
Necromancy     | 1 2 3 |  3.5
Translocations | 1 2 3 |  3.5
Transmutations | 1 2 3 |  3.5
Fire Magic     | 1 2 3 |  3.5
Ice Magic      | 1 2 3 |  3.5
Air Magic      | 1 2 3 |  3.5
Earth Magic    | 1 2 3 |  3.5
Poison Magic   | 1 2 3 |  3.5
Fighting       | 5 6 |  6.3
Polearms       | 5 6 |  6.3
Dodging        | 5 6 |  6.3
Charms         | 6 |  6.5

Action                   |  1- 3 |  4- 6 |  7- 9 || total
-------------------------+-------+-------+-------++-------
Melee: Spear             |   160 |    54 |       ||   214
       Bite              |    12 |    22 |    66 ||   100
       Dagger            |       |    95 |   461 ||   556
       Punch             |       |     1 |     6 ||     7
 Cast: Shroud of Golubri |     1 |     2 |    13 ||    16
       Infusion          |     1 |     2 |       ||     3
       Spectral Weapon   |       |     1 |     8 ||     9
       Regeneration      |       |     1 |     8 ||     9
  Use: Scroll            |       |    10 |       ||    10
       Potion            |       |       |     1 ||     1
 Stab: Sleeping          |     1 |     2 |     3 ||     6
       Distracted        |       |       |     2 ||     2
  Eat: Chunk             |     2 |     6 |    11 ||    19
       Ration            |       |       |     1 ||     1
Armor: Ring mail         |    37 |    26 |   118 ||   181
       Leather armour    |     2 |       |       ||     2
Dodge: Dodged            |    71 |    82 |   248 ||   401
Block: Other             |       |     1 |    39 ||    40

Table legend:
 A = Non-vault XP
 B = Vault XP
 C = Vault XP percentage of total XP
 D = Non-vault monster count
 E = Vault monster count
 F = Vault count percentage of total count
                 A         B        C        D         E       F
            +---------+---------+-------+---------+---------+-------
      Total |    2704 |     824 |  23.4 |     157 |      26 |  14.2
            +---------+---------+-------+---------+---------+-------
        D:1 |      38 |       0 |   0.0 |      23 |       0 |   0.0
        D:2 |     101 |     249 |  71.1 |      27 |       2 |   6.9
        D:3 |     125 |       0 |   0.0 |      28 |       0 |   0.0
        D:4 |     476 |     103 |  17.8 |      19 |      15 |  44.1
        D:5 |     604 |     198 |  24.7 |      15 |       6 |  28.6
        D:6 |     994 |      99 |   9.1 |      28 |       1 |   3.4
        D:7 |     366 |     175 |  32.3 |      17 |       2 |  10.5
            +---------+---------+-------+---------+---------+-------
